 Dungeon Crawl Stone Soup version 0.26-a0-20-g5f92b90fa0 (webtiles) character file.

Game seed: 13987179632496685491, levelgen mode: deterministic

873 Error4North the Chopper (level 7, 0/55 HPs)
             Began as a Demonspawn Berserker on May 26, 2020.
             Was a Priest of Trog.
             Slain by an orc wizard
             ... wielding a +2 dagger of freezing
              (1 damage)
             ... on level 5 of the Dungeon.
             The game lasted 00:13:47 (4189 turns).

Error4North the Chopper (Demonspawn Berserker)      Turns: 4189, Time: 00:13:47

Health: 0/55       AC:  7    Str: 18    XL:     7   Next: 74%
Magic:  0/7        EV: 12    Int:  9    God:    Trog [***...]
Gold:   189        SH:  0    Dex: 13    Spells: 6/6 levels left

rFire    . . .     SeeInvis .   a - +0 hand axe
rCold    . . .     Gourm    .   (no shield)
rNeg     . . .     Faith    .   j - +0 ring mail
rPois    .         Spirit   .   (no helmet)
rElec    .         Reflect  .   (no cloak)
rCorr    .         Harm     .   (no gloves)
MR       ++...                  n - +0 pair of boots
Stlth    +++.......             (no amulet)
HPRegen  1.18/turn              (no ring)
MPRegen  0.10/turn              (no ring)

@: berserk cooldown, regenerating, slowed, very slow
A: nightstalker 1, rot immunity
a: Berserk, Trog's Hand, Renounce Religion


You were on level 5 of the Dungeon.
You worshipped Trog.
Trog was most pleased with you.
You were hungry.

You visited 1 branch of the dungeon, and saw 5 of its levels.

You collected 189 gold pieces.

Inventory:

Hand Weapons
 a - a +0 hand axe (weapon)
Missiles
 r - 6 boomerangs (quivered)
Armour
 j - a +0 ring mail (worn)
 n - a +0 pair of boots (worn)
Jewellery
 s - an uncursed amulet of magic regeneration {unknown}
Wands
 p - a wand of flame (28)
Scrolls
 e - a scroll of blinking {unknown}
 f - a scroll of fog {unknown}
 g - 11 scrolls of identify {unknown}
 h - a scroll of amnesia {unknown}
 k - a scroll of enchant weapon {unknown}
 o - a scroll of teleportation {unknown}
 q - a scroll of magic mapping {unknown}
Potions
 b - a potion of berserk rage {unknown}
 d - 4 potions of curing {unknown}
 l - 3 potions of might
 m - 2 potions of brilliance {unknown}
 t - a potion of degeneration {unknown}
Comestibles
 c - 6 rations
 i - a chunk of flesh


   Skills:
 * Level 4.7 Fighting
 + Level 4.8 Axes
 * Level 4.2 Armour
 * Level 3.8 Dodging
 * Level 3.0 Stealth


You had 6 spell levels left.
You didn't know any spells.
Your spell library was empty.

Dungeon Overview and Level Annotations

Branches:
Dungeon (5/15)             Temple (0/1) D:4

Altars:
Cheibriados
Elyvilon
Fedhas
Okawaru
Qazlal
Uskayaw


Innate Abilities, Weirdness & Mutations

You are slightly more attuned to the shadows.
You are immune to rotting.


Message History

Deactivating autopickup; reactivate with Ctrl-A.
The orc wizard hits you but does no damage.
The orc hits you with a +2 antimagic mace.
You feel your power leaking away.
You hit something but do no damage. You barely miss the orc.
You hit the orc wizard. You closely miss the orc. The orc barely misses you.
You hear some strange, mumbled words.
A magic dart appears from out of thin air!
The magic dart hits you.
* * * LOW HITPOINT WARNING * * *
The orc wizard gestures at you while chanting.
The puff of flame hits you.
* * * LOW HITPOINT WARNING * * *
The orc hits you with a +2 antimagic mace.
* * * LOW HITPOINT WARNING * * *
You feel your power leaking away. The orc hits you with a +0 dagger.
* * * LOW HITPOINT WARNING * * *
Something hits you.
You die...

#.<##.....#
##..#....#
##.....#
#.....##
#..##...## ####
#.###$...##....
#.# ##...[....#
... #.)......#
## #.o@....#
#.o{o...#
#........#
....#..#..#
#...#_#.##.#
###. # .. ... #
.. ..


You could see an orc wizard and 2 orcs.

Vanquished Creatures
  Menkaure (D:5)
  Duvessa (D:4)
  A black bear (D:4)
  2 ogres (D:4)
  Dowan (D:4)
  A hound (D:4)
  A centaur skeleton (D:4)
  Jessica (D:2)
  Ijyb (D:3)
  Terence (D:3)
  A worker ant (D:3)
  8 adders
  A worm (D:2)
  6 dart slugs
  6 leopard geckos
  6 orcs
  3 ball pythons
  9 bats
  15 giant cockroaches
  8 goblins
  8 hobgoblins
  4 quokkas
  7 frilled lizards
  4 kobolds
  4 rats
101 creatures vanquished.

Notes
Turn   | Place    | Note
-------+----------+-------------------------------------------
     0 | D:1      | Error4North the Demonspawn Berserker began the quest for
                  | the Orb.
     0 | D:1      | Reached XP level 1. HP: 18/18 MP: 1/1
   190 | D:1      | Gained mutation: You are slightly more attuned to the
                  | shadows. [demonic ancestry]
   190 | D:1      | Reached XP level 2. HP: 12/24 MP: 2/2
   993 | D:2      | Reached XP level 3. HP: 21/29 MP: 3/3
  1255 | D:2      | Reached ** piety under Trog
  1314 | D:2      | Noticed Jessica
  1328 | D:2      | Killed Jessica
  1328 | D:2      | Reached skill level 1 in Stealth
  1328 | D:2      | Reached XP level 4. HP: 19/35 MP: 4/4
  1729 | D:3      | Found a snail-covered altar of Cheibriados.
  1996 | D:3      | Noticed Terence
  2014 | D:3      | Killed Terence
  2017 | D:3      | Found a white marble altar of Elyvilon.
  2021 | D:3      | Reached XP level 5. HP: 39/41 MP: 5/5
  2356 | D:3      | Noticed Ijyb
  2373 | D:3      | Killed Ijyb
  2421 | D:3      | Found a blossoming altar of Fedhas.
  2539 | D:3      | Found a stormy altar of Qazlal.
  2991 | D:4      | Noticed an ogre
  3235 | D:4      | Reached XP level 6. HP: 44/47 MP: 6/6
  3239 | D:4      | Found a hide-covered altar of Uskayaw.
  3320 | D:4      | Found a staircase to the Ecumenical Temple.
  3493 | D:4      | Reached *** piety under Trog
  3875 | D:4      | Gained mutation: You are immune to rotting. [demonic
                  | ancestry]
  3875 | D:4      | Reached XP level 7. HP: 54/54 MP: 7/7
  3923 | D:4      | Noticed Dowan
  3938 | D:4      | Noticed Duvessa
  3948 | D:4      | Killed Duvessa
  3951 | D:4      | Killed Dowan
  4170 | D:5      | Entered Level 5 of the Dungeon
  4172 | D:5      | Noticed Menkaure
  4181 | D:5      | Killed Menkaure
  4185 | D:5      | Found an iron altar of Okawaru.
  4189 | D:5      | HP: 1/55 [orc/+0 dagger (4)]
  4189 | D:5      | Slain by an orc wizard

Illustrated notes

Levels and vault maps discovered:
D:1:      dpeg_arrival_pits, layout_basic
D:2:      layout_rooms, uniq_jessica
D:3:      minmay_roachtagon, layout_basic,
          grunt_temple_overflow_forces_of_nature, elyvilon_altar_3,
          kennysheep_slug_shrine, uniq_terence, uniq_ijyb
D:4:      black_bear_nest_2, layout_gridville, kennysheep_mini,
          minmay_temple_entry_statues_fountains, uniq_duvessa
D:5:      layout_layer_cave, lemuel_round_altar, okawaru_metal_pillars_1_2,
          first_ration, serial_shops, shop, uniq_menkaure, uniq_pikel

Skill      XL: |  1  2  3  4  5  6  7 |
---------------+----------------------+-----
Armour         | 2 3 4 |  4.2
Dodging        | 2 3 |  3.8
Axes           | 3 4 |  4.8
Stealth        | 1 2 3 |  3.0
Fighting       | 4 |  4.7

Action                   |  1- 3 |  4- 6 |  7- 9 || total
-------------------------+-------+-------+-------++-------
Melee: Hand axe          |   115 |   217 |    34 ||   366
Invok: Trog's Hand       |     1 |     1 |     2 ||     4
       Berserk           |       |     6 |     2 ||     8
 Stab: Sleeping          |     1 |     6 |     1 ||     8
  Eat: Chunk             |     1 |    11 |     3 ||    15
       Ration            |       |     1 |       ||     1
Armor: Animal skin       |     9 |       |       ||     9
       Ring mail         |    15 |    97 |    10 ||   122
Dodge: Dodged            |    81 |   169 |    12 ||   262

Table legend:
 A = Non-vault XP
 B = Vault XP
 C = Vault XP percentage of total XP
 D = Non-vault monster count
 E = Vault monster count
 F = Vault count percentage of total count
                 A         B        C        D         E       F
            +---------+---------+-------+---------+---------+-------
      Total |     581 |     667 |  53.4 |      81 |      20 |  19.8
            +---------+---------+-------+---------+---------+-------
        D:1 |      35 |       0 |   0.0 |      17 |       0 |   0.0
        D:2 |      46 |      37 |  44.6 |      18 |       1 |   5.3
        D:3 |     120 |     100 |  45.5 |      27 |      15 |  35.7
        D:4 |     378 |     358 |  48.6 |      18 |       3 |  14.3
        D:5 |       2 |     172 |  98.9 |       1 |       1 |  50.0
            +---------+---------+-------+---------+---------+-------
